 Dungeon Crawl Stone Soup version 0.30-a0-1114-gd936c97349 (webtiles) character file.

Game seed: 2919580567300226493

82 CrazyBamboolord the Cutter (level 4, -9/29 HPs)
             Began as a Kobold Chaos Knight on Apr 21, 2023.
             Was a Plaything of Xom.
             Mangled by a chaos spawn (11 damage)
             ... summoned by Xom
             ... on level 2 of the Dungeon.
             The game lasted 00:02:41 (1647 turns).

CrazyBamboolord the Cutter (Kobold Chaos Knight)    Turns: 1647, Time: 00:02:41

Health: -9/29      AC:  7    Str:  9      XL:     4   Next: 70%
Magic:  4/4        EV: 14    Int: 12 (13) God:    Xom [......]
Gold:   76         SH:  0    Dex: 16      Spells: 3/3 levels left

rFire   . . .      SeeInvis .    a - +0 short sword (chaos)
rCold   . . .      Faith    .    (no shield)
rNeg    . . .      Spirit   .    b - +2 leather armour
rPois   .          Reflect  .    (helmet restricted)
rElec   .          Rampage  .    (no cloak)
rCorr   .                        (no gloves)
Will    .....                    (no boots)
Stlth   +++                      (no amulet)
HPRegen 0.24/turn                (no ring)
MPRegen 0.09/turn                (no ring)

@: no status effects
A: small, no large weapons, nightstalker 3, horns 1, iridescent scales 1,
deterioration 1, screaming 1
a: Renounce Religion


You were on level 2 of the Dungeon.
You worshipped Xom.
You were a very special plaything of Xom.
You visited 1 branch of the dungeon, and saw 2 of its levels.

You collected 76 gold pieces.

Inventory:

Hand Weapons
 a - a +0 short sword of chaos (weapon)
Armour
 b - a +2 leather armour (worn)
 g - a +0 helmet
Jewellery
 d - an amulet of the acrobat
 k - a ring of resist corrosion
Scrolls
 j - a scroll of fog {unknown}
 l - a scroll of enchant armour {unknown}
 m - a scroll of immolation {unknown}
 n - a scroll of identify {unknown}
Potions
 e - a potion of magic {unknown}
 f - a potion of ambrosia {unknown}
 i - a potion of curing {unknown}
Miscellaneous
 c - a piece from Xom's chessboard (14/15) (quivered)


   Skills:
 * Level 4.1 Fighting
 * Level 5.1 Short Blades
 - Level 0.7 Armour
 * Level 2.9 Dodging
 * Level 1.7 Stealth
 * Level 1.3 Evocations


You had 3 spell levels left.
You didn't know any spells.
Your spell library was empty.

Dungeon Overview and Level Annotations

Branches:
Dungeon (2/15)

Altars:


Innate Abilities, Weirdness & Mutations

You are small and have problems with some larger weapons.
You are completely attuned to the shadows.
You have a pair of small horns on your head.
You are partially covered in iridescent scales. (AC +2)
Your body sometimes deteriorates upon taking damage.
You occasionally shout uncontrollably at your foes.


Message History

Your headbutt misses the hobgoblin. The hobgoblin completely misses you.
You barely miss the hobgoblin.
The hobgoblin is heavily wounded.
You kill the hobgoblin!
No target in view!
No target in view!
As you open the door, it creaks loudly!
There is an open door here. "Let's see if it's strong enough to survive yet."
There are monsters nearby!
There are monsters nearby!
You miss the crimson imp. Your headbutt misses the crimson imp.
There are monsters nearby!
Unknown command.
You closely miss the crimson imp.
The white imp grins evilly.
Hit: a) +0 short sword (chaos)
Press: ? - help, Dir - move target, f - chaos spawn
Aim: a chaos spawn (summoned, about 40% to evade your +0 short sword of chaos)
Okay, then.
Unknown command.
You hit the white imp but do no damage.
The white imp suddenly stops moving!
The helpless white imp fails to defend itself.
You puncture the white imp!
You kill the white imp!
The white imp disappears in a puff of smoke!
The crimson imp blinks!
The chaos spawn hits you!
The chaos spawn draws strength from your injuries!
Unknown command.
The chaos spawn attacks as you move away!
The chaos spawn gores you!
* * * LOW HITPOINT WARNING * * *
You are engulfed in flames.
* * * LOW HITPOINT WARNING * * *
Okay, then.
Okay, then.
As you read the scroll labelled BUSIVI OSAC, it crumbles to dust.
You feel aware of your surroundings.
It was a scroll of magic mapping.
The chaos spawn hits you!
You die...

*,,,*
*,,...........#
#...#
****.###'######
#...# *,* #.# *
#...# *,* #.# *
#...###### *,* #.#
#........# *,* #.#
###.####.# *,* #.#
#.# #.# *,* #.#
#.# #@# *,* #.#
#.# #4#****,* #.#
#.# #..ยง..,,* #.#
#.##############.#
#........#.......#
########.#.#######
#.#.# #...# #.###


You could see a chaos spawn (summoned).

Vanquished Creatures
  Robin (D:2)
  3 adders (D:2)
  A dart slug (D:1)
  4 ball pythons
  A bat (D:1)
  2 endoplasms (D:1)
  4 giant cockroaches
  12 goblins (D:2)
  A hobgoblin (D:2)
  3 kobolds (D:1)
  3 quokkas
  A frilled lizard (D:1)
  A rat (D:1)
37 creatures vanquished.

Notes
Turn   | Place    | Note
-------+----------+-------------------------------------------
     0 | D:1      | CrazyBamboolord the Kobold Chaos Knight began the quest for
                  | the Orb.
     0 | D:1      | Reached XP level 1. HP: 14/14 MP: 1/1
    63 | D:1      | XOM: divination: detect items
   232 | D:1      | XOM: silly message
   237 | D:1      | Reached XP level 2. HP: 19/19 MP: 2/2
   311 | D:1      | XOM: divination: detect items
   848 | D:1      | XOM: give mutations
   848 | D:1      | Gained mutation: You occasionally shout uncontrollably at
                  | your foes. [Xom's mischief]
   848 | D:1      | Gained mutation: You have a pair of small horns on your
                  | head. [Xom's mischief]
   848 | D:1      | Gained mutation: Your body sometimes deteriorates upon
                  | taking damage. [Xom's mischief]
   848 | D:1      | Gained mutation: You are partially covered in iridescent
                  | scales. (AC +2) [Xom's mischief]
   882 | D:1      | Reached XP level 3. HP: 24/24 MP: 3/3
  1247 | D:2      | XOM: noise
  1260 | D:2      | Reached skill level 1 in Evocations
  1295 | D:2      | Reached skill level 1 in Stealth
  1306 | D:2      | Noticed a scorpion
  1321 | D:2      | XOM: 3-stop teleportation journey
  1366 | D:2      | Noticed Robin
  1367 | D:2      | Identified the +3 scale mail of Abstinence {Harm +Blink rF-
                  | Stlth+}
  1375 | D:2      | Killed Robin
  1376 | D:2      | Reached XP level 4. HP: 24/29 MP: 4/4
  1406 | D:2      | Reached skill level 5 in Short Blades
  1641 | D:2      | XOM: summons 3 hostile demons
  1642 | D:2      | Noticed a chaos spawn
  1646 | D:2      | HP: 1/29 [chaos spawn[Xom] (6)]
  1647 | D:2      | Mangled by a chaos spawn

Illustrated notes

Levels and vault maps discovered:
D:1:      saegor_arrival_simple_e, layout_loops_cross, serial_co_window_serial,
          co_window_paths_a, co_window_paths_a, co_window_paths_a,
          co_window_corner_a, co_window_corner_a, co_window_broadway_a,
          co_window_paths_c, co_window_of_opportunity_b, co_window_2corner,
          co_window_paths_c
D:2:      layout_basic, uniq_robin

Skill      XL: |  1  2  3  4 |
---------------+-------------+-----
Evocations     | 1 |  1.3
Fighting       | 4 |  4.1
Stealth        | 1 |  1.7
Short Blades   | 5 |  5.1
Armour         | |  0.7
Dodging        | |  2.9

Action                     |  1- 3 |  4- 6 || total
---------------------------+-------+-------++-------
  Melee: Short sword       |    91 |    40 ||   131
         Headbutt          |     5 |     3 ||     8
         Punch             |       |     1 ||     1
  Evoke: Piece from Xom's  |     2 |       ||     2
    Use: Scroll            |       |     2 ||     2
   Stab: Sleeping          |     5 |     1 ||     6
         Distracted        |       |     1 ||     1
         Paralysed         |       |     1 ||     1
 Armour: Leather armour    |    22 |     6 ||    28
  Dodge: Dodged            |    64 |    27 ||    91

Table legend: (Time is in decaauts)
 A = Elapsed time spent in this place.
 B = Non-inter-level travel time spent in this place.
 C = Inter-level travel time spent in this place.
 D = Time resting spent in this place.
 E = Time spent auto-exploring this place.
 F = Levels seen in this place.
 G = Mean time per level.
                   A        B        C        D        E       F      G
               +--------+--------+--------+--------+--------+-----+--------+
         Total |   1616 |   1525 |     91 |      0 |   1264 |   2 |  808.0 |
       Dungeon |   1616 |   1525 |     91 |      0 |   1264 |   2 |  808.0 |
               +--------+--------+--------+--------+--------+-----+--------+

Top non-repeatable levels by time:
     D:1: 1169 daAuts
     D:2: 447 daAuts
